 Dungeon Crawl Stone Soup version 0.18-a0-1721-gc4d1f22 (webtiles) character file.

240 vev the Cudgeler (level 6, -9/59 HPs)
             Began as an Ogre Arcane Marksman on Apr 10, 2016.
             Mangled by Menkaure (16 damage)
             ... on level 4 of the Dungeon.
             The game lasted 00:05:43 (3925 turns).

vev the Cudgeler (Ogre Arcane Marksman)             Turns: 3925, Time: 00:05:44

Health: -9/59      AC:  4    Str: 17    XL:     6   Next: 8%
Magic:  7/7        EV: 15    Int: 12    God:
Gold:   105        SH:  0    Dex: 16    Spells: 1 memorised, 6 levels left

rFire  . . .     SeeInvis .     e - +0 mace
rCold  . . .     Gourm    .     a - +0 robe
rNeg   . . .     Faith    .     (no shield)
rPois  .         Spirit   .     (helmet restricted)
rElec  .         Dismiss  .     i - +0 cloak (curse)
rCorr  .         Reflect  .     (gloves unavailable)
SustAt .         Harm     +     (boots unavailable)
MR     .....                    k - amulet of harm
Stlth  ++........               (no ring)
                                (no ring)

@: agile, lethally poisoned (-9 -> -11), very slightly contaminated, hasted,
very quick, not resistant to hostile enchantments, unstealthy
A: unfitting armour, tough skin 1
a: no special abilities


You were on level 4 of the Dungeon.
You were hungry.

You visited 1 branch of the dungeon, and saw 4 of its levels.

You collected 116 gold pieces.
You donated 11 gold pieces to Zin.

Inventory:

Hand Weapons
 e - a +0 mace (weapon)
 g - a +0 club
 l - a +0 whip
Missiles
 c - 4 large rocks
 d - 2 throwing nets
 p - 4 javelins (quivered)
Armour
 a - a +0 robe (worn)
 i - a cursed +0 cloak (worn)
Jewellery
 k - an amulet of harm (around neck)
Scrolls
 h - 3 scrolls of teleportation {unknown}
 j - 3 scrolls of identify {unknown}
 n - a scroll of recharging {unknown}
 o - a scroll of enchant weapon {unknown}
 q - a scroll of immolation {unknown}
 r - a scroll of remove curse {unknown}
Potions
 m - a potion of degeneration
Books
 b - a book of Debilitation

   Spells                             Type                      Level
   a - Corona                         Hexes                        1
   b - Slow                           Hexes                        2
   c - Gell's Gravitas                Hexes/Translocation          3
   d - Inner Flame                    Hexes/Fire                   3
   e - Cause Fear                     Hexes                        4
   f - Leda's Liquefaction            Hexes/Earth                  4
Comestibles
 f - a bread ration


   Skills:
 - Level 2.6 Fighting
 + Level 7.1 Maces & Flails
 - Level 2.0 Throwing
 - Level 1.7 Dodging
 - Level 1.2 Spellcasting
 - Level 2.1 Hexes


You had 6 spell levels left.
You knew the following spells:

 Your Spells              Type           Power        Failure   Level  Hunger
a - Corona                Hex            #......      14%         1    ##.....


Dungeon Overview and Level Annotations

Branches:
Dungeon (4/15)
 Temple: D:4-7

Altars:
Gozag
Nemelex Xobeh
Okawaru
Zin

Annotations:
D:4 Menkaure


Innate Abilities, Weirdness & Mutations

You are too large for most types of armour.
You have tough skin (AC +1).


Message History

It was a potion of haste.
You feel yourself speed up. The adder barely misses you.
Menkaure completely misses you.
You are very lightly contaminated with residual magic.
The adder barely misses you.
You feel sick. The adder barely misses you.
You hit the adder.
The adder is almost dead.
The adder bites you.
* * * LOW HITPOINT WARNING * * *
You hit the adder.
You kill the adder!
Menkaure misses you.
You hit Menkaure.
Menkaure is moderately damaged.
Menkaure hits you.
* * * LOW HITPOINT WARNING * * *
You sock Menkaure!
Menkaure is almost destroyed.
You feel sick. Menkaure hits you!
You die...

.. ... ##. ##..#
..##...####.
..........
##.......#
#........#
#.#......####
#...........#
#..@[<....#.
#.......M........
#.###........####
#.#.....%.#
#..#####.....
...# ...... ..##
...... .. ......


You could see Menkaure.

Vanquished Creatures
  A centaur (D:3)
  2 orc priests (D:3)
  Terence (D:2)
  2 adders
  A dart slug (D:3)
  A giant gecko (D:1)
  7 orcs (D:3)
  5 giant cockroaches
  2 goblins
  4 hobgoblins
  5 jackals
  3 kobolds
  A quokka (D:3)
  3 ball pythons
  7 bats
  A giant newt (D:2)
  6 rats
52 creatures vanquished.

Notes
Turn   | Place    | Note
--------------------------------------------------------------
     0 | D:1      | vev the Ogre Arcane Marksman began the quest for the Orb.
     0 | D:1      | Reached XP level 1. HP: 19/19 MP: 2/2
   438 | D:1      | Reached XP level 2. HP: 18/29 MP: 3/3
   592 | D:1      | Reached skill level 1 in Maces & Flails
   999 | D:2      | Found a sparkling altar of Nemelex Xobeh.
  1088 | D:2      | Reached skill level 2 in Maces & Flails
  1303 | D:2      | Noticed Terence
  1380 | D:1      | Reached XP level 3. HP: 4/36 MP: 4/4
  1723 | D:2      | Killed Terence
  1723 | D:2      | Reached skill level 3 in Maces & Flails
  1772 | D:2      | Reached XP level 4. HP: 15/44 MP: 5/5
  1775 | D:2      | Reached skill level 4 in Maces & Flails
  2266 | D:2      | Found a sparkling altar of Nemelex Xobeh.
  2773 | D:3      | Found an iron altar of Okawaru.
  2881 | D:3      | Found a glowing silver altar of Zin.
  2882 | D:3      | Found an opulent altar of Gozag.
  2965 | D:3      | Became a worshipper of Zin the Law-Giver
  2965 | D:3      | Reached * piety under Zin
  2994 | D:3      | Was placed under penance by Zin
  3257 | D:3      | Reached skill level 5 in Maces & Flails
  3257 | D:3      | Reached XP level 5. HP: 50/50 MP: 6/6
  3404 | D:3      | Fell from the grace of Zin
  3434 | D:3      | Noticed a centaur
  3448 | D:3      | Killed a centaur
  3448 | D:3      | Reached skill level 7 in Maces & Flails
  3448 | D:3      | Reached XP level 6. HP: 6/59 MP: 7/7
  3907 | D:4      | Noticed Menkaure
  3925 | D:4      | Mangled by Menkaure

Vault maps used:
D:1:      mrwooster_arrival_statue_2, monster_avoids_cloud
D:2:      old_standard_altar, nemelex_spade_bored_becter, uniq_terence
D:3:      grunt_temple_overflow_gold_and_silver, kennysheep_okawaru_gauntlet
D:4:      minmay_temple_entry_statues_fountains, trog_wizard, uniq_sigmund,
          uniq_menkaure, uniq_grinder

Skill      XL: |  1  2  3  4  5 |
---------------+----------------+-----
Fighting       | 2 |  2.6
Maces & Flails | 2 3 5 7 |  7.1
Throwing       | |  2.0
Dodging        | |  1.7
Spellcasting   | |  1.2
Hexes          | |  2.1

Action                   |  1- 3 |  4- 6 || total
-------------------------+-------+-------++-------
Melee: Unarmed           |    80 |       ||    80
       Whip              |    85 |       ||    85
       Club              |    32 |       ||    32
       Mace              |    17 |    99 ||   116
Throw: Large rock        |     1 |     1 ||     2
 Cast: Corona            |     6 |       ||     6
  Use: Potion            |     3 |     2 ||     5
 Stab: Distracted        |     1 |       ||     1
  Eat: Chunk             |     3 |     7 ||    10
